 Dungeon Crawl Stone Soup version 0.27.1-35-g4d5d836560 (webtiles) character file.

Game seed: 10134349070785445837

228 Delamore the Covert (level 6, 0/39 HPs)
             Began as an Octopode Brigand on Mar 15, 2022.
             Slain by an iguana (1 damage)
             ... while paralysed by Grinder
             ... on level 4 of the Dungeon.
             The game lasted 00:03:04 (3117 turns).

Delamore the Covert (Octopode Brigand)              Turns: 3117, Time: 00:03:05

Health: 0/39       AC:  1    Str: 10    XL:     6   Next: 2%
Magic:  6/6        EV:  2    Int: 13    God:
Gold:   124        SH:  0    Dex: 16    Spells: 5/5 levels left

rFire    . . .     SeeInvis .   l - +2 dagger (elec)
rCold    . . .     Faith    .   e - +3 buckler {reflect}
rNeg     . . .     Spirit   .   (helmet restricted)
rPois    .         Reflect  +   (no amulet)
rElec    .         Harm     .   t - ring of wizardry
rCorr    .         Rampage  .   (no ring)
Will     .....                  (no ring)
Stlth    +++++.....             (no ring)
HPRegen  0.13/turn              (no ring)
MPRegen  0.10/turn              (no ring)
                                (no ring)
                                (no ring)

@: paralysed
A: almost no armour, amphibious, 8 rings, camouflage 1, gelatinous body 1,
(nimble swimmer 1), tentacles
a: no special abilities


You were on level 4 of the Dungeon.
You visited 1 branch of the dungeon, and saw 4 of its levels.
You also visited: Sewer.

You collected 124 gold pieces.

Inventory:

Hand Weapons
 a - a +2 dagger
 f - a +2 dagger of holy wrath
 l - a +2 dagger of electrocution (weapon)
Missiles
 b - 8 poisoned darts (quivered)
 c - 2 curare-tipped darts
Armour
 e - a +3 buckler of reflection (worn)
Jewellery
 t - a ring of wizardry (left tentacle)
Wands
 q - a wand of iceblast (14)
Scrolls
 h - a scroll of immolation
 j - a scroll of brand weapon
 k - a scroll of noise {unknown}
 o - 2 scrolls of enchant armour
 s - a scroll of amnesia {unknown}
Potions
 d - 2 potions of flight {unknown}
 g - 2 potions of brilliance {unknown}
 i - a potion of lignification {unknown}
 m - a potion of ambrosia {unknown}
 n - a potion of experience {unknown}
 p - a potion of heal wounds {unknown}
 r - a potion of might {unknown}


   Skills:
 - Level 2.0 Fighting
 + Level 3.5 Short Blades
 - Level 2.0 Throwing
 - Level 1.0 Dodging
 * Level 8.3 Stealth
 + Level 1.6 Shields


You had 5 spell levels left.
You didn't know any spells.
Your spell library contained the following spells:

 Spells                   Type           Power      Damage    Failure   Level
 Sublimation of Blood     Necr           0%         N/A       26%         2
 Dazzling Flash           Conj/Hex       0%         N/A       43%         3
 Frozen Ramparts          Ice            0%         1d2       43%         3
 Ice Form                 Ice/Tmut       0%         N/A       82%         4
 Petrify                  Tmut/Erth      0%         N/A       82%         4
 Summon Ice Beast         Ice/Summ       0%         N/A       82%         4
 Summon Lightning Spire   Summ/Air       0%         N/A       82%         4
 Agony                    Necr           0%         N/A       98%         5
 Irradiate                Conj/Tmut      0%         3d13      98%         5
 Silence                  Hex/Air        0%         N/A       98%         5
 Storm Form               Tmut/Air       0%         N/A       100%        7
 Maxwell's Capacitive Co  Air            0%         ∞         100%        8


Dungeon Overview and Level Annotations

Branches:
Dungeon (4/15)              Sewer (visited)
 Temple: D:4-7

Altars:

Annotations:
D:4 Grinder


Innate Abilities, Weirdness & Mutations

You cannot wear most types of armour.
You are amphibious.
You can wear up to eight rings at the same time.
Your skin changes colour to match your surroundings (Stealth+).
Your rubbery body absorbs attacks. (AC +1, EV +1)
((You are camouflaged near water. (Stealth+)))
You have tentacles for arms and can constrict up to eight enemies at once.


Message History

You hit the adder. Lightning courses through the adder!
You kill the adder!
You have reached level 6!
Your experience leads to an increase in your attributes!
Increase (S)trength, (I)ntelligence, or (D)exterity?
You feel agile.
You see here a +0 plate armour.
Done exploring.
Done exploring.
Done exploring.
Done exploring.
There is a stone staircase leading down here.
You climb downwards.
There is a stone staircase leading up here.
Found a scroll labelled NAXTIA NODDAFI.
The iguana hisses angrily.
You hear a shout!
You block the iguana's attack.
You hit the iguana but do no damage. You grab the iguana.
You constrict the iguana, but do no damage.
You hit the iguana.
The iguana is lightly wounded.
You constrict the iguana.
Grinder comes into view.
The iguana bites you.
You hit the iguana but do no damage.
The iguana is moderately wounded.
You constrict the iguana, but do no damage.
You block the iguana's attack.
You hit the iguana but do no damage.
The iguana is moderately wounded.
You constrict the iguana, but do no damage.
The iguana bites you! Grinder gestures at you.
You suddenly lose the ability to move!
You lose your grip on the iguana.
The iguana bites you!
Grinder blinks!
The iguana bites you but does no damage.
The iguana bites you!
* * * LOW HITPOINT WARNING * * *
The iguana bites you.
You die...

..#..#
.....####
##.......#
#........#
##+#.<......#
#....#......#
#....###+###.
#........#
#..@######
.......l.......
....####.#.####
..#. .. # . #
... .... .?...
......


You could see an iguana.

Vanquished Creatures
  Purgy (Sewer)
  6 adders
  2 dart slugs (D:1)
  2 orcs (D:3)
  6 endoplasms
  6 giant cockroaches
  4 hobgoblins
  3 jackals (D:2)
  7 kobolds
  5 quokkas
  7 ball pythons
  10 bats
  2 frilled lizards
  6 goblins
  9 rats
76 creatures vanquished.

Notes
Turn   | Place    | Note
-------+----------+-------------------------------------------
     0 | D:1      | Delamore the Octopode Brigand began the quest for the Orb.
     0 | D:1      | Reached XP level 1. HP: 14/14 MP: 1/1
   200 | D:1      | Reached XP level 2. HP: 9/19 MP: 2/2
   505 | D:1      | Reached skill level 6 in Stealth
   841 | D:1      | Reached XP level 3. HP: 23/24 MP: 3/3
  1704 | D:2      | Reached XP level 4. HP: 29/29 MP: 4/4
  1746 | D:2      | Reached skill level 7 in Stealth
  2143 | D:2      | Identified a scroll of acquirement
  2144 | D:2      | Acquired a +2 buckler of reflection
  2226 | D:3      | Found a faded altar of an unknown god.
  2390 | D:3      | Found a glowing drain.
  2406 | Sewer    | Entered a sewer
  2442 | Sewer    | Noticed Purgy
  2444 | Sewer    | Killed Purgy
  2445 | Sewer    | Reached skill level 8 in Stealth
  2445 | Sewer    | Reached skill level 1 in Shields
  2445 | Sewer    | Reached XP level 5. HP: 34/34 MP: 5/5
  2966 | D:3      | Reached XP level 6. HP: 39/39 MP: 6/6
  3111 | D:4      | Noticed Grinder
  3113 | D:4      | Paralysed by Grinder for 6 turns
  3116 | D:4      | HP: 1/39 [iguana (11)]
  3117 | D:4      | Slain by an iguana

Illustrated notes

Levels and vault maps discovered:
D:1:      evilmike_arrival_crescent, layout_loops_corners
D:2:      layout_basic
D:3:      layout_basic, hellmonk_ecumenical_altar_blasted, gup_sewer_entry_pipe
D:4:      layout_basic, mainiacjoe_overflow_concentric_impassable,
          roderic_roman_lattice, kennysheep_generic_room_12, uniq_grinder

Skill      XL: |  1  2  3  4 |
---------------+-------------+-----
Stealth        | 6 8 |  8.3
Short Blades   | 3 |  3.5
Shields        | 1 |  1.6
Fighting       | |  2.0
Throwing       | |  2.0
Dodging        | |  1.0

Action                   |  1- 3 |  4- 6 || total
-------------------------+-------+-------++-------
Melee: Dagger            |    80 |    49 ||   129
       Constrict         |    15 |    10 ||    25
       Tentacles         |    12 |     4 ||    16
Throw: Dart              |     2 |       ||     2
  Use: Scroll            |       |     5 ||     5
 Stab: Sleeping          |    14 |    16 ||    30
Armor: Skin              |     9 |     3 ||    12
Dodge: Dodged            |    52 |     7 ||    59
Block: Buckler           |       |     5 ||     5
